AoeStats
← Fia Sare

Arena

505897276Analyzed
1v1 RM · 22d ago on Sep 11, 2026· 44m 28s· 2 players
Game mode
Random Map
Map size
Tiny (2 player)
Population
200
Speed
Normal
Resources
Standard
Victory
Conquest
Starting age
Dark Age
Ending age
Imperial Age
RankedLock teamsTeams togetherTeam positionsShared explorationLock speedFull tech treeHidden civsTurbo modeCheats
Victory
Defeat
🇲🇩 Spanish · Moldova
1143
+16
🇦🇷 Burgundians · Argentina
1150
-16
ayaxpers
11:23 Feudal Age
16:26 Castle Age
14:52 Double-Bit Axe
15:28 Horse Collar
18:09 Bow Saw
22:57 Padded Archer Armor
23:00 Inquisition
23:52 Wheelbarrow
24:11 Sanctity
24:03 Heavy Plow
23:59 Gold Mining
24:47 Scale Barding Armor
24:59 Leather Archer Armor
30:16 Imperial Age
28:39 Hand Cart
29:26 Chain Barding Armor
29:46 Loom
32:12 Chemistry
32:16 Block Printing
34:10 Pikeman
35:50 Plate Barding Armor
37:00 Redemption
37:27 Fervor
41:17 Ring Archer Armor
41:07 Scale Mail Armor
41:18 Forging
41:54 Halberdier
42:37 Squires
45:00 Iron Casting
44:41 Chain Mail Armor
Fia Sare
4:39 Double-Bit Axe
8:29 Horse Collar
11:52 Feudal Age
16:38 Castle Age
15:11 Bow Saw
14:56 Gold Mining
15:22 Heavy Plow
17:03 Loom
16:59 Cavalier
18:01 Scale Barding Armor
19:12 Wheelbarrow
18:23 Town Watch
22:48 Stone Mining
25:21 Two-Man Saw
26:15 Light Cavalry
26:55 Husbandry
30:14 Imperial Age
28:27 Forging
30:14 Chain Barding Armor
30:32 Iron Casting
30:21 Hussar
33:00 Chemistry
33:20 Conscription
35:40 Burgundian Vineyards
36:02 Fletching
36:14 Padded Archer Armor
36:21 Elite Skirmisher
38:43 Leather Archer Armor
38:23 Bodkin Arrow
41:31 Chain Barding Armor
43:18 Bracer
44:24 Blast Furnace
Connection lost

Rejoining the realm…

Still unreachable

The connection could not be restored.

Session expired

The server has moved on; the page needs a fresh start.